 Dungeon Crawl Stone Soup version 0.26-a0-547-g695e311 (webtiles) character file.

Game seed: 11441926190474596781

46 robertstho the Chiller (level 3, -1/26 HPs)
             Began as a Merfolk Ice Elementalist on Aug 19, 2020.
             Killed from afar by Sigmund (6 damage)
             ... with a magic dart
             ... on level 2 of the Dungeon.
             The game lasted 00:02:44 (1178 turns).

robertstho the Chiller (Merfolk Ice Elementalist)   Turns: 1178, Time: 00:02:45

Health: -1/26      AC:  3    Str:  8    XL:     3   Next: 68%
Magic:  6/6        EV: 13    Int: 15    God:
Gold:   109        SH:  0    Dex: 14    Spells: 5/6 levels left

rFire    . . .     SeeInvis .   g - +0 spear
rCold    . . .     Faith    .   (no shield)
rNeg     . . .     Spirit   .   a - +0 robe
rPois    .         Reflect  .   (no helmet)
rElec    .         Harm     .   (no cloak)
rCorr    .                      i - +0 pair of gloves
MR       .....                  (no boots)
Stlth    ++........             (no amulet)
HPRegen  0.08/turn              (no ring)
MPRegen  0.10/turn              (no ring)

@: no status effects
A: change form in water, swift swim, stealthy swim
a: no special abilities


You were on level 2 of the Dungeon.
You visited 1 branch of the dungeon, and saw 2 of its levels.

You collected 109 gold pieces.

Inventory:

Hand Weapons
 g - a +0 spear (weapon)
Missiles
 e - 4 boomerangs (quivered)
Armour
 a - a +0 robe (worn)
 i - a +0 pair of gloves (worn)
Jewellery
 h - a cursed ring of attention {unknown}
 k - an uncursed ring of poison resistance {unknown}
Scrolls
 b - a scroll of remove curse {unknown}
 d - 4 scrolls of identify {unknown}
 j - a scroll of blinking {unknown}
Potions
 c - a potion of brilliance {unknown}
 f - 2 potions of heal wounds {unknown}


   Skills:
 * Level 1.0 Fighting
   Level 0.2 Short Blades
 * Level 1.1 Polearms
 + Level 0.6 Throwing
 + Level 2.8 Dodging
 + Level 2.2 Stealth
 * Level 2.3 Spellcasting
 * Level 5.0 Ice Magic


You had 5 spell levels left.
You knew the following spells:

 Your Spells              Type           Power        Failure   Level
a - Freeze                Ice            ###.         2%          1

Your spell library contained the following spells:

 Spells                   Type           Power        Failure   Level
 Frozen Ramparts          Ice            ###...       8%          3
 Ozocubu's Armour         Ice            ###.....     8%          3
 Hailstorm                Conj/Ice       #.......     58%         4
 Summon Ice Beast         Ice/Summ       #.......     58%         4


Dungeon Overview and Level Annotations

Branches:
Dungeon (2/15)

Altars:

Annotations:
D:2 Sigmund


Message History

The puff of flame hits you!
Sigmund drinks a potion.
Sigmund suddenly seems more resistant.
A hobgoblin comes into view.
Found a shiny wooden ring.
The hobgoblin shouts!
The hobgoblin closely misses you. The hobgoblin barely misses you.
You see here a shiny wooden ring.
k - a shiny wooden ring The hobgoblin barely misses you.
The hobgoblin barely misses you.
Sigmund gestures wildly while chanting.
Sigmund flickers and vanishes!
Deactivating autopickup; reactivate with Ctrl-A.
The hobgoblin hits you.
* * * LOW HITPOINT WARNING * * *
Something tries to affect you, but you resist.
A magic dart appears from out of thin air!
The magic dart hits you.
You die...

..........†.# ..
..#.....#### ..## #
#.....### #...
#.......# #..#
###..##..# ##..#
####..###.. ...#
###......@.##
##.####...######...
#.@...{.### ##?
#.....### #g....#
#.....# #.....#
#.....# #.....#
#.....# #######


You could see a hobgoblin.

Vanquished Creatures
  An adder (D:2)
  3 dart slugs
  A leopard gecko (D:1)
  7 bats
  3 goblins (D:1)
  4 hobgoblins (D:1)
  6 kobolds (D:1)
  A frilled lizard (D:1)
  3 rats
29 creatures vanquished.

Notes
Turn   | Place    | Note
-------+----------+-------------------------------------------
     0 | D:1      | robertstho the Merfolk Ice Elementalist began the quest for
                  | the Orb.
     0 | D:1      | Reached XP level 1. HP: 13/13 MP: 3/3
    77 | D:1      | Reached XP level 2. HP: 14/19 MP: 0/5
   437 | D:1      | Reached skill level 5 in Ice Magic
   505 | D:1      | Reached XP level 3. HP: 22/25 MP: 2/6
  1056 | D:2      | Reached skill level 1 in Fighting
  1083 | D:2      | Reached skill level 1 in Polearms
  1159 | D:2      | Noticed Sigmund
  1178 | D:2      | Killed from afar by Sigmund

Illustrated notes

Levels and vault maps discovered:
D:1:      saegor_arrival_simple_d, layout_basic
D:2:      layout_rooms, lemuel_zombie_altar_kikubaaqudgha, uniq_sigmund

Skill      XL: |  1  2  3 |
---------------+----------+-----
Ice Magic      | 5 |  5.0
Fighting       | 1 |  1.0
Polearms       | 1 |  1.1
Short Blades   | |  0.2
Throwing       | |  0.6
Dodging        | |  2.8
Stealth        | |  2.2
Spellcasting   | |  2.3

Action                   || total
-------------------------++-------
Melee: Short sword       ||    20
       Spear             ||    14
Throw: Boomerang         ||    38
 Cast: Freeze            ||    25
 Stab: Sleeping          ||     1
Armor: Robe              ||     8
Dodge: Dodged            ||    61

Table legend: (Time is in decaauts)
 A = Elapsed time spent in this place.
 B = Non-inter-level travel time spent in this place.
 C = Inter-level travel time spent in this place.
 D = Time resting spent in this place.
 E = Time spent auto-exploring this place.
 F = Levels seen in this place.
 G = Mean time per level.
                   A        B        C        D        E       F      G
               +--------+--------+--------+--------+--------+-----+--------+
         Total |   1190 |   1144 |     46 |    151 |    731 |   2 |  595.0 |
       Dungeon |   1190 |   1144 |     46 |    151 |    731 |   2 |  595.0 |
               +--------+--------+--------+--------+--------+-----+--------+

Top non-repeatable levels by time:
     D:1: 1043 daAuts
     D:2: 147 daAuts
